 Dungeon Crawl Stone Soup version 0.30-a0-279-g4b46babb21 (webtiles) character file.

Game seed: 11558442066208086355

293642 gruber the Peltast (level 20, -5/140 (160) HPs)
             Began as a Gnoll Ice Elementalist on Oct 16, 2022.
             Was an Initiate of Gozag.
             Killed from afar by Josephina (42 damage)
             ... with a ghostly fireball
             ... on level 3 of the Depths.
             The game lasted 02:27:26 (60691 turns).

gruber the Peltast (Gnoll Ice Elementalist)        Turns: 60691, Time: 02:27:27

HP:   -5/140 (160)  AC: 23    Str: 10    XL:     20   Next: 83%
MP:   1/39          EV: 17    Int: 26    God:    Gozag
Gold: 9622          SH: 16    Dex: 13    Spells: 14/49 levels left

rFire   + . .      SeeInvis .    D - +12 trident of Ancient Evil {speed, rCorr Stlth+}
rCold   + . .      Faith    .    R - +2 kite shield {rF+}
rNeg    . . .      Spirit   .    S - +7 faerie dragon scales {rCorr Stlth+}
rPois   +          Reflect  .    n - +1 hat
rElec   +          Harm     .    y - +0 cloak "Bieph" {rElec rPois rC- Int+5}
rCorr   +          Rampage  +    m - +0 pair of gloves
Will    +....                    X - +1 pair of boots {rampage}
Stlth   +++++++...               M - amulet of magic regeneration
HPRegen 0.43/turn                j - ring of protection from cold
MPRegen 0.66/turn                T - ring of protection from cold

@: freezing walls, slightly contaminated, studying 2 skills, heavily drained
A: fangs 1, strong nose, distributed training, subdued magic 1
}: 2/15 runes: serpentine, barnacled
a: Renounce Religion, Potion Petition, Call Merchant, Bribe Branch


You were on level 3 of the Depths.
You worshipped Gozag.
Gozag was greatly pleased with you.
You visited 7 branches of the dungeon, and saw 34 of its levels.
You also visited: Sewer and Ossuary.

You collected 13955 gold pieces.
You spent 1797 gold pieces at shops.
You paid 2536 gold pieces to Gozag.

Inventory:

Hand Weapons
 l - the +11 eveningstar of the Trees {vamp, Will++ Str-3}
   (You bought it in a shop on level 2 of the Depths)

   It occasionally heals its wielder for a portion of the damage dealt when it
   wounds a living foe.
   Str:       It affects your strength (-3).
   Will:      It greatly increases your willpower.
 D - the +12 trident of Ancient Evil (weapon) {speed, rCorr Stlth+}
   (You found it on level 4 of the Lair of Beasts)

   Attacks with this weapon are significantly faster.
   rCorr:     It protects you from acid and corrosion.
   Stlth:     It makes you more stealthy.
Missiles
 J - 6 throwing nets
 O - 56 poisoned darts
 Z - 6 silver javelins
Armour
 m - a +0 pair of gloves (worn)
 n - a +1 hat (worn)
 y - the +0 cloak "Bieph" (worn) {rElec rPois rC- Int+5}
   (You found it on level 3 of the Snake Pit)

   Int:       It affects your intelligence (+5).
   rC:        It makes you vulnerable to cold.
   rElec:     It insulates you from electricity.
   rPois:     It protects you from poison.
 R - a +2 kite shield of fire resistance (worn)
 S - the +7 faerie dragon scales (worn) {rCorr Stlth+}
   (You took it off the Enchantress on level 3 of the Depths)

   rCorr:     It protects you from acid and corrosion.
   Stlth:     It makes you more stealthy.
 X - a +1 pair of boots of rampaging (worn)
Jewellery
 f - a ring of see invisible
 j - a ring of protection from cold (left hand)
 t - a ring of willpower
 C - a ring of positive energy
 I - a ring of protection from fire
 M - an amulet of magic regeneration (around neck)
 P - a ring of wizardry
 T - a ring of protection from cold (right hand)
 W - a ring of flight
Wands
 e - a wand of flame (66)
 w - a wand of roots (30)
 E - a wand of quicksilver (22)
 L - a wand of paralysis (33)
 Q - a wand of mindburst (18)
 V - a wand of digging (2)
Scrolls
 c - 2 scrolls of silence
 d - 15 scrolls of teleportation
 g - 8 scrolls of magic mapping
 i - 9 scrolls of vulnerability
 q - 5 scrolls of fog
 r - 6 scrolls of poison
 s - 6 scrolls of blinking
 u - a scroll of summoning
 B - 8 scrolls of fear
 N - 8 scrolls of immolation
Potions
 a - 8 potions of brilliance
 b - 3 potions of magic
 h - 3 potions of resistance
 k - 6 potions of cancellation
 o - 15 potions of flight
 p - 5 potions of haste
 v - 17 potions of curing
 x - 4 potions of might
 z - a potion of invisibility
 A - 10 potions of ambrosia
 F - 2 potions of heal wounds
 G - 8 potions of lignification
 H - 2 potions of berserk rage


   Skills:
 + Level 14.4 Fighting
 + Level 14.4 Short Blades
 + Level 14.4 Long Blades
 + Level 14.4 Axes
 + Level 14.4 Maces & Flails
 + Level 14.4 Polearms
 + Level 14.4 Staves
 + Level 14.4 Ranged Weapons
 + Level 14.4 Throwing
 + Level 14.4 Armour
 + Level 15.1 Dodging
 + Level 15.0 Stealth
 + Level 17.3 Shields
 + Level 14.4 Unarmed Combat
 + Level 15.2 Spellcasting
 + Level 12.3 Conjurations
 + Level 12.3 Hexes
 + Level 12.3 Summonings
 + Level 12.3 Necromancy
 + Level 12.3 Translocations
 + Level 12.3 Transmutations
 + Level 12.3 Fire Magic
 + Level 14.0 Ice Magic
 + Level 12.3 Air Magic
 + Level 12.3 Earth Magic
 + Level 12.3 Poison Magic
 + Level 15.7 Invocations
 + Level 14.4 Evocations


You had 14 spell levels left.
You knew the following spells:

 Your Spells              Type           Power      Damage    Failure   Level
a - Freeze                Ice            100%       1d10      0%          1
b - Frozen Ramparts       Ice            100%       1d16      1%          3
c - Ozocubu's Armour      Ice            64%        N/A       1%          3
d - Summon Ice Beast      Ice/Summ       61%        N/A       1%          4
e - Borgnjor's Vile Clut  Necr/Erth      29%        N/A       1%          5
f - Statue Form           Tmut/Erth      39%        N/A       4%          6
g - Iron Shot             Conj/Erth      29%        9d6       4%          6
h - Spellforged Servitor  Conj/Summ      29%        N/A       28%         7

Your spell library contained the following spells:

 Spells                   Type           Power      Damage    Failure   Level
 Apportation              Tloc           100%       N/A       1%          1
 Kiss of Death            Conj/Necr      100%       2d13      1%          1
 Magic Dart               Conj           100%       1d8       1%          1
 Necrotise                Necr           100%       1d9       1%          1
 Summon Small Mammal      Summ           100%       N/A       1%          1
 Blink                    Tloc           100%       N/A       1%          2
 Call Imp                 Summ           59%        N/A       1%          2
 Static Discharge         Conj/Air       100%       2-7/arc   1%          2
 Sublimation of Blood     Necr           59%        N/A       1%          2
 Wereblood                Tmut           59%        N/A       1%          2
 Confusing Touch          Hex            59%        N/A       1%          3
 Dazzling Flash           Conj/Hex       100%       N/A       1%          3
 Gell's Gravitas          Tloc           59%        N/A       1%          3
 Inner Flame              Hex/Fire       59%        N/A       1%          3
 Lesser Beckoning         Tloc           100%       N/A       1%          3
 Mephitic Cloud           Conj/Pois/Air  59%        N/A       1%          3
 Stone Arrow              Conj/Erth      100%       3d13      1%          3
 Teleport Other           Tloc           59%        N/A       1%          3
 Vhi's Electric Charge    Tloc/Air       100%       N/A       1%          3
 Dispel Undead            Necr           59%        3d21      1%          4
 Flame Wave               Conj/Fire      59%        2d14      1%          4
 Ice Form                 Ice/Tmut       61%        N/A       1%          4
 Iskenderun's Mystic Bla  Conj/Tloc      59%        2d12      1%          4
 Manifold Assault         Tloc           59%        N/A       1%          4
 Sticky Flame             Conj/Fire      59%        2d7       1%          4
 Alistair's Intoxication  Tmut/Pois      39%        N/A       1%          5
 Arcjolt                  Conj/Air       29%        1d39      1%          5
 Iskenderun's Battlesphe  Conj           59%        2d11      1%          5
 Lee's Rapid Deconstruct  Erth           29%        3d16*     1%          5
 Lightning Bolt           Conj/Air       29%        1d46      1%          5
 Yara's Violent Unravell  Hex/Tmut       29%        3d12      1%          5
 Eringya's Noxious Bog    Tmut/Pois      29%        N/A       4%          6
 Starburst                Conj/Fire      29%        6d9       4%          6
 Enfeeble                 Hex            29%        N/A       28%         7
 Storm Form               Tmut/Air       29%        N/A       28%         7
 Summon Hydra             Summ           29%        N/A       28%         7


Dungeon Overview and Level Annotations

Branches:
Dungeon (15/15)            Temple (1/1) D:7            Lair (5/5) D:11
 Shoals (4/4) Lair:3        Snake (4/4) Lair:3        Slime (0/5) Lair:4
    Orc (2/2) D:12            Elf (0/3) Orc:2        Vaults (0/5) D:13
 Depths (3/4) D:15          Sewer (visited)         Ossuary (visited)

Altars:
Ashenzari
Cheibriados
Dithmenos
Elyvilon
Fedhas
Gozag
Hepliaklqana
Kikubaaqudgha
Makhleb
Nemelex Xobeh
Okawaru
Qazlal
Ru
Sif Muna
Trog
Uskayaw
Vehumet
Wu Jian
Xom
Yredelemnul
Zin
The Shining One
Jiyva

Shops:
D:14 (   Orc:2 ![?=   Snake:3 :=:   Snake:4 [=!   Depths:2 (

Portals:
Hell: Depths:1 Depths:2
Abyss: Depths:3
Pandemonium: Depths:2
Trove: D:13 (show abyssal rune of Zot)

Annotations:
Snake:4 Mara
Depths:3 Josephina


Innate Abilities, Weirdness & Mutations

You have very sharp teeth.
Your uncanny sense of smell can sniff out nearby items.
Your experience applies equally to all skills.
Your spells are a little easier to cast, but a little less powerful.


Message History

Casting: Iron Shot (dangerous; 4% risk of failure)
Confirm with . or Enter, or press ? or * to list all spells.
You summon a servant imbued with your destructive magic!
The zombie hands constrict Josephina.
A white very ugly thing comes into view.
The wall freezes Josephina but does no damage.
Josephina closely misses you. Josephina misses you.
Unknown command.
Casting: Spellforged Servitor (dangerous; 28% risk of failure)
Confirm with . or Enter, or press ? or * to list all spells.
Aiming: Iron Shot (dangerous; 4% risk of failure)
Press: ? - help, Shift-Dir - straight line, f/p - Josephina
Aim: Josephina, wielding a staff of cold, wearing a +2 robe of fire resistance and wearing the ring of Traps {Ice +Blink rPois Str-3 Stlth+} (moderately damaged, constricted by zombie hands, ally target, 94% to hit)
The iron shot hits Josephina!!
Josephina is heavily damaged.
The white very ugly thing gurgles horribly!
The zombie hands constrict Josephina!!
You hear a horrible gurgling sound!
The wall freezes Josephina but does no damage.
Josephina hits you but does no damage. Josephina freezes you!
* * * LOW HITPOINT WARNING * * *
Josephina closely misses you.
The titan simulacrum completely resists.
The wall freezes the titan simulacrum but does no damage.
Unknown command.
Casting: Iron Shot (dangerous; 4% risk of failure)
Confirm with . or Enter, or press ? or * to list all spells.
You don't have enough magic to cast this spell.
Unknown command.
Unknown command.
Unknown command.
You hit Josephina but do no damage.
Josephina is severely damaged.
The zombie hands constrict Josephina!
The wall freezes Josephina but does no damage.
Josephina casts a spell at you.
The ghostly flame explodes!
The ghostly fireball engulfs you!!!
You feel drained.
You die...
Your body crumbles into a pile of gold.

........###.........##***,**
........##...........##*,**
........#.....#|#.....##,*
..........#....#....#...,*
#.......#.....#.#.....#*,*
.....^..##...........##*,**
.∩...,,**##...9.....##***,*
,,,,,,,,,*##.......##*,****
*,,,*,,,,,*##..#@.##**,*,,*
*,,,,,,,,,,*##.ZL##*,,,,*,*
,,,,,,,,,,,,*##.##*,*,,,*,****
,,,,,,,,,,,,,,..,,,,,,*,,**,,*
,,,,,,,,,,,,,.=.,,,,,,*,,**,**
,,,,,,,,,,,,....,,,,,,,,***,*
,,,,,^,,,,,.....,,,,,,,,**,***
,,,,,,,,,,......,,,,,,,,,,,,,****
,,,,,,,,,,,,,,,,,,,,,,,,*******,*


You could see Josephina (clutched, ally target), a titan simulacrum and a
friendly spellforged servitor (summoned).

Vanquished Creatures
  Vashnia (Snake:2)
  A caustic shrike (Depths:2)
  Nikola (Depths:2)
  the Enchantress (Depths:3)
  3 golden dragons (Depths:2)
  A hellephant (Depths:3)
  A tentacled monstrosity (Depths:3)
  Jorgrun (Shoals:1)
  A lich (Depths:2)
  A walking earthen tome (Depths:3)
  The ghost of melvinkitnick the Practitioner, an adept HOAr of Elyvilon (Shoals:4)
  Frances (D:14)
  Polyphemus (Shoals:2)
  Kirke (Lair:4)
  2 tengu reavers (Depths:2)
  2 nagarajas (Snake:4)
  A frost giant (Depths:1)
  5 fire giants
  Roxanne (D:14)
  Louise (Snake:2)
  Aizul (Snake:4)
  An iron dragon (Depths:2)
  2 orc warlords (Orc:2)
  3 spriggan defenders
  7 very ugly things
  A vampire knight (Depths:1)
  Nessos (D:12)
  6 stone giants (Depths:2)
  Azrael (Snake:2)
  6 fire dragons
  3 merfolk javelineers (Shoals:4)
  3 jiangshi (Depths:2)
  A quicksilver dragon zombie (Depths:1)
  10 merfolk impalers
  10 ettins
  A great orb of eyes (Depths:1)
  4 ice dragons
  3 salamander tyrants
  A hell beast (Depths:1)
  A rakshasa (Depths:3)
  Erica (Lair:2)
  7 boulder beetles
  4 hydras (Lair:5)
  4 centaur warriors
  2 catoblepae
  4 satyrs
  7 anacondas
  2 alligator snapping turtles
  7 merfolk aquamancers
  6 spriggan air magi
  6 two-headed ogres
  11 death yaks
  2 deep troll shamans
  19 naga warriors
  2 deep troll earth magi (Depths:2)
  An orc high priest (Orc:2)
  9 shock serpents
  10 naga sharpshooters
  A vampire mage (Depths:1)
  3 tengu warriors
  A titan zombie (Depths:1)
  Urug (D:13)
  3 spriggan berserkers
  5 sun demons (Depths:1)
  7 salamander mystics
  A glowing orange brain (Depths:2)
  12 sea snakes
  3 deep trolls (Depths:2)
  A wizard (Depths:2)
  16 harpies
  9 naga ritualists
  8 orc knights
  2 phantasmal warriors (Depths:1)
  4 deep elf pyromancers
  2 necromancers (Depths:1)
  13 mana vipers
  4 ugly things
  4 oklob plants (Lair:4)
  A frost giant zombie (Depths:1)
  5 cyclopes
  An iron dragon zombie (Depths:1)
  10 manticores
  A stone giant zombie (Depths:1)
  3 orc sorcerers
  3 shining eyes (Depths:1)
  6 elephants
  20 fauns
  13 salamanders
  5 merfolk sirens
  39 black mambas
  A guardian serpent (Snake:1)
  30 naga magi
  10 water nymphs
  An eye of devastation (Depths:1)
  16 cane toads
  A titan simulacrum (Depths:3)
  2 hellions (Depths:1)
  5 komodo dragons
  3 rime drakes
  3 kobold demonologists (D:11)
  A yaktaur (shapeshifter) (Depths:2)
  5 yaktaurs (D:15)
  33 merfolk
  7 trolls
  7 saltlings (Orc:2)
  A polar bear (Lair:1)
  8 hornets
  14 blink frogs
  13 dream sheep
  A wind drake (Shoals:4)
  A sphinx simulacrum (Depths:1)
  Prince Ribbit (D:6)
  10 snapping turtles
  5 slime creatures (D:13)
  An ettin zombie (Depths:1)
  9 air elementals (Depths:2)
  A wraith (D:9)
  A shadow (D:9)
  A centaur simulacrum (D:15)
  8 spriggans
  A culicivora (shapeshifter) (D:15)
  An ettin skeleton (Depths:1)
  2 vampires (D:13)
  2 basilisks
  2 fire bats (Depths:1)
  12 water elementals
  6 wyverns
  15 humans
  44 yaks
  3 hogs (Lair:4)
  16 vampire mosquitoes
  3 fire elementals (Snake:2)
  2 acid dragons
  3 wargs
  36 nagas
  15 water moccasins
  2 floating eyes
  20 orc warriors
  A tengu skeleton (Depths:1)
  4 hell hounds (Snake:2)
  A swamp drake (Orc:2)
  5 black bears
  2 ice beasts (D:7)
  7 sky beasts
  7 ogres
  7 centaurs
  18 wolves
  A phantom (D:5)
  3 kobold brigands
  9 bullfrogs
  16 scorpions
  2 gnoll sergeants
  3 wights
  20 killer bees
  7 electric eels
  2 howler monkeys
  A crimson imp (Orc:2)
  3 centaur zombies (Ossuary)
  An iron imp (Orc:2)
  15 orc priests
  3 hounds
  2 human zombies (Ossuary)
  2 jellies
  Terence (D:3)
  2 iguanas
  26 orc wizards
  5 scorpion zombies (Ossuary)
  4 lightning spires (Depths:2)
  4 mummies
  14 gnolls
  5 river rats
  13 adders
  4 shadow imps
  2 white imps
  An ufetubus (D:6)
  6 worms
  3 dart slugs
  82 orcs
  9 bats
  4 endoplasms
  6 giant cockroaches
  10 goblins
  7 hobgoblins
  8 jackals
  25 kobolds
  5 quokkas
  6 ball pythons
  10 frilled lizards
  4 gnoll zombies (Ossuary)
  A goblin zombie (Ossuary)
  2 hobgoblin zombies
  4 kobold zombies
  2 orc zombies (Ossuary)
  13 rats
  A butterfly (Lair:4)
  2 pillars of salt (Orc:2)
1223 creatures vanquished.

Vanquished Creatures (collateral kills)
  A caustic shrike (Depths:2)
  A sphinx (Depths:2)
  A nagaraja (Snake:4)
  3 very ugly things (Depths:2)
  A spriggan defender (Depths:3)
  2 stone giants (Depths:3)
  An ettin (Depths:2)
  A merfolk impaler (Shoals:3)
  2 fire dragons (Depths:3)
  A salamander tyrant (Depths:3)
  A rakshasa (Depths:2)
  A hydra (Lair:4)
  A two-headed ogre (D:11)
  A naga warrior (Snake:3)
  2 death yaks (Lair:5)
  A merfolk aquamancer (Shoals:1)
  A vampire mage (Depths:2)
  3 spriggan berserkers (Depths:2)
  2 deep troll earth magi
  A sun demon (Depths:1)
  A shock serpent (Snake:4)
  A flayed ghost (Depths:2)
  A glowing orange brain (Depths:3)
  A spriggan simulacrum (Depths:3)
  2 harpies
  An orc knight (Orc:1)
  A faun (Shoals:3)
  2 manticores
  2 ugly things (D:12)
  A cyclops (Orc:2)
  A merfolk siren (Shoals:1)
  A torpor snail (Lair:1)
  2 water nymphs (Shoals:4)
  A komodo dragon (Lair:1)
  2 wind drakes
  4 merfolk
  A snapping turtle (Shoals:2)
  4 dream sheep
  A yak (Lair:1)
  A wraith (D:10)
  A wyvern (Lair:5)
  A human (D:13)
  5 water elementals
  2 hogs (Lair:4)
  A vampire mosquito (D:11)
  A naga (Snake:3)
  A centaur (D:7)
  3 wolves
  3 kobold brigands (D:11)
  2 bullfrogs (Lair:1)
  A glowing shapeshifter simulacrum (Depths:3)
  A wight (D:8)
  An orc priest (D:11)
  3 orc wizards
  9 orcs
  A kobold (D:11)
95 creatures vanquished.

Vanquished Creatures (others)
  A naga ritualist (Snake:4)
  3 ugly things (Depths:2)
  An orc wizard (Orc:2)
  3 ball lightnings (Depths:2)
  27 bushes (Depths:2)
  23 fungi
  2 pillars of salt (Orc:2)
  119 plants
179 creatures vanquished.

Grand Total: 1497 creatures vanquished

Notes
Turn   | Place    | Note
-------+----------+-------------------------------------------
     0 | D:1      | gruber the Gnoll Ice Elementalist began the quest for the
                  | Orb.
     0 | D:1      | Reached XP level 1. HP: 13/13 MP: 6/6
   109 | D:1      | Reached XP level 2. HP: 19/19 MP: 7/7
   507 | D:1      | Reached skill level 5 in Spellcasting
   507 | D:1      | Reached XP level 3. HP: 25/25 MP: 3/9
   511 | D:1      | Learned a level 3 spell: Frozen Ramparts
   515 | D:1      | Learned a level 3 spell: Ozocubu's Armour
   600 | D:1      | Found a faded altar of an unknown god.
   960 | D:2      | Reached skill level 1 in Invocations
  1108 | D:2      | Found a radiant altar of Vehumet.
  1216 | D:2      | Reached skill level 1 in Fighting
  1216 | D:2      | Reached skill level 1 in Short Blades
  1216 | D:2      | Reached skill level 1 in Long Blades
  1216 | D:2      | Reached skill level 1 in Axes
  1216 | D:2      | Reached skill level 1 in Maces & Flails
  1216 | D:2      | Reached skill level 1 in Polearms
  1216 | D:2      | Reached skill level 1 in Staves
  1216 | D:2      | Reached skill level 1 in Ranged Weapons
  1216 | D:2      | Reached skill level 1 in Throwing
  1216 | D:2      | Reached skill level 1 in Armour
  1216 | D:2      | Reached skill level 1 in Shields
  1216 | D:2      | Reached skill level 1 in Unarmed Combat
  1216 | D:2      | Reached skill level 1 in Evocations
  1230 | D:2      | Reached XP level 4. HP: 32/32 MP: 6/11
  1352 | D:2      | Reached skill level 1 in Conjurations
  1352 | D:2      | Reached skill level 1 in Hexes
  1352 | D:2      | Reached skill level 1 in Summonings
  1352 | D:2      | Reached skill level 1 in Necromancy
  1352 | D:2      | Reached skill level 1 in Translocations
  1352 | D:2      | Reached skill level 1 in Transmutations
  1352 | D:2      | Reached skill level 1 in Fire Magic
  1352 | D:2      | Reached skill level 1 in Air Magic
  1352 | D:2      | Reached skill level 1 in Earth Magic
  1352 | D:2      | Reached skill level 1 in Poison Magic
  1822 | D:3      | Noticed Terence
  1831 | D:3      | Killed Terence
  1832 | D:3      | Reached XP level 5. HP: 23/37 MP: 1/12
  1982 | D:3      | Found a glowing drain.
  1989 | Sewer    | Entered a sewer
  2304 | Sewer    | Reached XP level 6. HP: 37/44 MP: 9/13
  2403 | Sewer    | Reached skill level 5 in Dodging
  2506 | Sewer    | Reached skill level 2 in Shields
  3148 | D:3      | Found a snail-covered altar of Cheibriados.
  3559 | D:4      | Found a bloodstained altar of Trog.
  3609 | D:4      | Found a stormy altar of Qazlal.
  3624 | D:4      | Noticed a black bear
  3633 | D:4      | Reached XP level 7. HP: 51/51 MP: 7/15
  3803 | D:4      | Found a sand-covered staircase.
  3995 | Ossuary  | Entered an ossuary
  4024 | Ossuary  | Reached skill level 5 in Stealth
  4157 | Ossuary  | Learned a level 4 spell: Summon Ice Beast
  4304 | Ossuary  | Reached skill level 3 in Shields
  4304 | Ossuary  | Reached XP level 8. HP: 58/58 MP: 4/16
  5214 | D:4      | Reached XP level 9. HP: 61/65 MP: 13/18
  5526 | D:5      | Entered Level 5 of the Dungeon
  5747 | D:5      | Reached skill level 4 in Shields
  6801 | D:6      | Reached skill level 5 in Invocations
  7144 | D:6      | Noticed Prince Ribbit
  7153 | D:6      | Killed Prince Ribbit
  7987 | D:7      | Found a shimmering blue altar of Sif Muna.
  8067 | D:7      | Reached skill level 5 in Fighting
  8067 | D:7      | Reached skill level 5 in Short Blades
  8067 | D:7      | Reached skill level 5 in Long Blades
  8067 | D:7      | Reached skill level 5 in Axes
  8067 | D:7      | Reached skill level 5 in Maces & Flails
  8067 | D:7      | Reached skill level 5 in Polearms
  8067 | D:7      | Reached skill level 5 in Staves
  8067 | D:7      | Reached skill level 5 in Ranged Weapons
  8067 | D:7      | Reached skill level 5 in Throwing
  8067 | D:7      | Reached skill level 5 in Armour
  8067 | D:7      | Reached skill level 5 in Shields
  8067 | D:7      | Reached skill level 5 in Unarmed Combat
  8067 | D:7      | Reached skill level 5 in Evocations
  8067 | D:7      | Reached XP level 10. HP: 68/74 MP: 8/20
  8396 | D:7      | Found a hazy altar of Hepliaklqana.
  8709 | D:7      | Found a staircase to the Ecumenical Temple.
  8718 | Temple   | Entered the Ecumenical Temple
  8827 | Temple   | Became a worshipper of Gozag Ym Sagoz the Greedy
  9072 | D:8      | Found a radiant altar of Vehumet.
  9353 | D:8      | Noticed a centaur warrior
  9363 | D:8      | Killed a centaur warrior
 10725 | D:9      | Noticed a tengu warrior
 10738 | D:9      | Killed a tengu warrior
 10739 | D:9      | Reached skill level 6 in Shields
 10739 | D:9      | Reached skill level 5 in Conjurations
 10739 | D:9      | Reached skill level 5 in Hexes
 10739 | D:9      | Reached skill level 5 in Summonings
 10739 | D:9      | Reached skill level 5 in Necromancy
 10739 | D:9      | Reached skill level 5 in Translocations
 10739 | D:9      | Reached skill level 5 in Transmutations
 10739 | D:9      | Reached skill level 5 in Fire Magic
 10739 | D:9      | Reached skill level 5 in Air Magic
 10739 | D:9      | Reached skill level 5 in Earth Magic
 10739 | D:9      | Reached skill level 5 in Poison Magic
 10739 | D:9      | Reached XP level 11. HP: 81/81 MP: 2/22
 11119 | D:9      | Found a transporter.
 11138 | D:9      | Found a transporter.
 11259 | D:9      | Found a transporter.
 11280 | D:9      | Found a transporter.
 11594 | D:10     | Entered Level 10 of the Dungeon
 11649 | D:10     | Learned a level 5 spell: Borgnjor's Vile Clutch
 11777 | D:10     | Found a sparkling altar of Nemelex Xobeh.
 11929 | D:10     | Found a glowing silver altar of Zin.
 13563 | D:11     | Noticed a two-headed ogre
 13572 | D:11     | Killed a two-headed ogre
 13573 | D:11     | Reached skill level 7 in Shields
 13673 | D:11     | Found a staircase to the Lair.
 13978 | D:11     | Reached XP level 12. HP: 83/91 MP: 11/24
 14333 | D:12     | Noticed a boulder beetle
 14432 | D:12     | Found a staircase to the Orcish Mines.
 14635 | D:12     | Noticed a boulder beetle
 14661 | D:12     | Killed a boulder beetle
 14863 | D:12     | Noticed Nessos
 15058 | D:12     | Noticed a two-headed ogre
 15108 | D:11     | HP: 3/91 [two-headed ogre/+0 giant spiked club (10)]
 15109 | D:11     | Killed a two-headed ogre
 15716 | D:12     | Killed Nessos
 16192 | D:13     | Noticed a two-headed ogre
 16201 | D:13     | Killed a two-headed ogre
 16340 | Lair:1   | Entered Level 1 of the Lair of Beasts
 16590 | Lair:1   | Found a basalt altar of Yredelemnul.
 16954 | Lair:1   | Reached skill level 8 in Shields
 17297 | Lair:1   | Reached XP level 13. HP: 95/98 MP: 21/26
 17899 | Lair:2   | Reached skill level 10 in Ice Magic
 18141 | Lair:2   | Noticed Erica
 18173 | Lair:2   | Killed Erica
 19294 | Lair:3   | Reached skill level 10 in Spellcasting
 19378 | Lair:3   | Found a staircase to the Snake Pit.
 19841 | Lair:3   | Found a staircase to the Shoals.
 20349 | Lair:4   | Reached skill level 10 in Dodging
 20563 | Lair:4   | Identified the +12 trident of Ancient Evil {speed, rCorr
                  | Stlth+}
 20682 | Lair:4   | Noticed Kirke
 20693 | Lair:4   | Noticed a sphinx
 20704 | Lair:4   | Reached skill level 9 in Shields
 20705 | Lair:4   | Killed Kirke
 20706 | Lair:4   | Reached skill level 10 in Stealth
 20970 | Lair:4   | Found a viscous altar of Jiyva.
 20970 | Lair:4   | Found a staircase to the Slime Pits.
 21186 | Lair:4   | Reached XP level 14. HP: 108/108 MP: 22/28
 21188 | Lair:4   | Reached skill level 10 in Invocations
 22317 | Lair:5   | Entered Level 5 of the Lair of Beasts
 24923 | D:13     | Noticed Urug
 24923 | D:13     | Found a gate to the Vaults.
 25077 | Orc:1    | Entered Level 1 of the Orcish Mines
 25411 | Orc:1    | Reached skill level 10 in Fighting
 25411 | Orc:1    | Reached skill level 10 in Short Blades
 25411 | Orc:1    | Reached skill level 10 in Long Blades
 25411 | Orc:1    | Reached skill level 10 in Axes
 25411 | Orc:1    | Reached skill level 10 in Maces & Flails
 25411 | Orc:1    | Reached skill level 10 in Polearms
 25411 | Orc:1    | Reached skill level 10 in Staves
 25411 | Orc:1    | Reached skill level 10 in Ranged Weapons
 25411 | Orc:1    | Reached skill level 10 in Throwing
 25411 | Orc:1    | Reached skill level 10 in Armour
 25411 | Orc:1    | Reached skill level 10 in Shields
 25411 | Orc:1    | Reached skill level 10 in Unarmed Combat
 25411 | Orc:1    | Reached skill level 10 in Evocations
 26028 | Orc:2    | Entered Level 2 of the Orcish Mines
 26707 | Orc:2    | Found a staircase to the Elven Halls.
 26736 | Orc:2    | Reached XP level 15. HP: 115/115 MP: 23/30
 27005 | Orc:2    | Identified the +4 robe of Uskayaw's Pride {rElec Stlth+}
 27342 | Orc:2    | Found Jinkau's Armour Shoppe.
 27344 | Orc:2    | Found Xyipid's Magic Scroll Shoppe.
 27360 | Orc:2    | Noticed an orc warlord
 27585 | Orc:2    | Identified the +3 robe of the Hart {Dex+4 Stlth-}
 27830 | Orc:2    | Killed an orc warlord
 27952 | Orc:2    | Found Baclumn's Distillery.
 27978 | Orc:2    | Found Depeleoxt's Jewellery Shoppe.
 27978 | Orc:2    | Noticed an orc warlord
 28007 | Orc:2    | Killed an orc warlord
 28339 | Orc:2    | Bought a scroll of identify for 24 gold pieces
 28339 | Orc:2    | Bought a scroll of identify for 24 gold pieces
 28339 | Orc:2    | Bought a scroll of identify for 24 gold pieces
 28339 | Orc:2    | Bought a scroll of identify for 24 gold pieces
 29171 | D:13     | Killed Urug
 29309 | D:13     | Found a portal to a secret trove of treasure.
 30260 | D:14     | You fall into a shaft and drop 1 floor!
 30260 | D:15     | Entered Level 15 of the Dungeon
 30289 | D:15     | Found an iron altar of Okawaru.
 30644 | D:14     | Found Befriysu's Weapon Shop.
 30694 | D:14     | Noticed Frances
 30709 | D:14     | Killed Frances
 30986 | D:14     | Identified Roxanne's Verses on the Quarry
 30986 | D:14     | Noticed Roxanne
 31013 | D:14     | Killed Roxanne
 31966 | D:14     | Reached skill level 11 in Shields
 32577 | D:15     | Reached XP level 16. HP: 124/124 MP: 26/32
 33098 | D:15     | Found a staircase to the Depths.
 33465 | Snake:1  | Entered Level 1 of the Snake Pit
 34728 | Snake:1  | Reached skill level 12 in Shields
 36015 | Snake:2  | Noticed Vashnia
 36064 | Snake:2  | Noticed Louise
 36077 | Snake:2  | Killed Louise
 36380 | Snake:2  | Killed Vashnia
 36789 | Snake:2  | Noticed Azrael
 36792 | Snake:2  | Reached XP level 17. HP: 133/133 MP: 28/33
 36799 | Snake:2  | Killed Azrael
 37075 | Snake:2  | Reached skill level 10 in Conjurations
 37075 | Snake:2  | Reached skill level 10 in Hexes
 37075 | Snake:2  | Reached skill level 10 in Summonings
 37075 | Snake:2  | Reached skill level 10 in Necromancy
 37075 | Snake:2  | Reached skill level 10 in Translocations
 37075 | Snake:2  | Reached skill level 10 in Transmutations
 37075 | Snake:2  | Reached skill level 10 in Fire Magic
 37075 | Snake:2  | Reached skill level 10 in Air Magic
 37075 | Snake:2  | Reached skill level 10 in Earth Magic
 37075 | Snake:2  | Reached skill level 10 in Poison Magic
 37943 | Snake:3  | Reached skill level 13 in Shields
 38089 | Snake:3  | Found Onitolid's Book Boutique.
 38091 | Snake:3  | Found Olanivusup's Jewellery Emporium.
 38092 | Snake:3  | Found Gushrat's Book Boutique.
 38215 | Snake:3  | Found the +9 staff of Olgreb {rPois∞}
 38324 | Snake:3  | Identified the +0 cloak "Bieph" {rElec rPois rC- Int+5}
 39292 | Snake:3  | Bought a book of Power for 504 gold pieces
 39414 | Snake:4  | Entered Level 4 of the Snake Pit
 39624 | Snake:4  | Noticed Mara
 40283 | Snake:4  | Found Nevyluh's Armour Shop.
 40283 | Snake:4  | Found Xuith's Jewellery Boutique.
 40287 | Snake:4  | Found Roham's Distillery.
 40505 | Snake:4  | Noticed gruber's illusion
 40906 | Snake:4  | Noticed gruber's illusion
 41894 | Snake:4  | Noticed Aizul
 41905 | Snake:4  | Killed Aizul
 42314 | Snake:4  | Reached skill level 14 in Shields
 42314 | Snake:4  | Reached XP level 18. HP: 141/141 MP: 30/35
 42566 | Snake:4  | Got a serpentine rune of Zot
 42731 | Shoals:1 | Entered Level 1 of the Shoals
 43283 | Shoals:1 | Noticed Jorgrun
 43290 | Shoals:1 | HP: 5/141 [faun/sling bullet (17)]
 44115 | Shoals:1 | Killed Jorgrun
 45891 | Shoals:2 | Noticed Polyphemus
 46387 | Shoals:2 | Killed Polyphemus
 48134 | Shoals:3 | Reached skill level 15 in Shields
 49499 | Shoals:4 | Entered Level 4 of the Shoals
 50008 | Shoals:4 | Found the +10 zealot's sword {holy, *Rage rN+ EV+3}
 50195 | Shoals:4 | Identified the +3 dagger of Wuotash {vorpal, Contam Will+
                  | rCorr Stlth+}
 50368 | Shoals:4 | Found a runed translucent door.
 50369 | Shoals:4 | Noticed melvinkitnick's ghost (adept HOAr)
 50388 | Shoals:4 | Reached XP level 19. HP: 119/149 MP: 33/37
 51800 | Shoals:4 | Got a barnacled rune of Zot
 52197 | Shoals:4 | Killed melvinkitnick's ghost
 52201 | Shoals:4 | Identified the +9 short sword of Inflation {vorpal, Str+5}
 52865 | Depths:1 | Entered Level 1 of the Depths
 54097 | Depths:1 | Found an ancient bone altar of Kikubaaqudgha.
 54643 | Depths:1 | Reached skill level 16 in Shields
 54760 | Depths:1 | Found a gateway to Hell.
 55377 | Depths:1 | Gained mutation: Your spells are a little easier to cast,
                  | but a little less powerful. [a shining eye]
 55609 | Depths:1 | Learned a level 6 spell: Statue Form
 55616 | Depths:1 | Learned a level 6 spell: Iron Shot
 55624 | Depths:1 | Learned a level 7 spell: Spellforged Servitor
 55993 | Depths:2 | Noticed a caustic shrike
 56000 | Depths:2 | Killed a caustic shrike
 56006 | Depths:2 | Reached skill level 15 in Invocations
 56490 | Depths:2 | Noticed a golden dragon
 56513 | Depths:2 | Noticed a golden dragon
 56513 | Depths:2 | Noticed a caustic shrike
 56529 | Depths:2 | Killed a golden dragon
 56530 | Depths:2 | Reached XP level 20. HP: 119/158 MP: 10/38
 56533 | Depths:2 | Killed a golden dragon
 56543 | Depths:2 | Noticed a golden dragon
 56557 | Depths:2 | Killed a golden dragon
 56601 | Depths:2 | Killed a caustic shrike
 56901 | Depths:2 | Found Gewan's Antique Weapon Boutique.
 56988 | Depths:2 | Found a one-way gate leading to the halls of Pandemonium.
 57591 | Depths:2 | Noticed Nikola
 57603 | Depths:2 | Killed Nikola
 57852 | Depths:2 | Reached skill level 15 in Spellcasting
 58107 | Depths:2 | Found a runed translucent door.
 58118 | Depths:2 | Paralysed by an air elemental for 1 turns
 58139 | Depths:2 | Paralysed by an air elemental for 1 turns
 58148 | Depths:2 | Paralysed by an air elemental for 1 turns
 58156 | Depths:2 | Paralysed by an air elemental for 1 turns
 58888 | Depths:2 | Bought a jewelled eveningstar for 840 gold pieces
 58888 | Depths:2 | Identified the +11 eveningstar of the Trees {vamp, Will++
                  | Str-3} (You bought it in a shop on level 2 of the Depths)
 58888 | Depths:2 | Bought an encrusted trident for 357 gold pieces
 58888 | Depths:2 | Identified the +9 trident of Dominance {chaos, *Rage rF-
                  | rN++ Dex+8} (You bought it in a shop on level 2 of the
                  | Depths)
 59536 | Depths:3 | Identified the ring of Traps {Ice +Blink rPois Str-3
                  | Stlth+}
 59536 | Depths:3 | Noticed Josephina
 59728 | Depths:3 | Noticed the Enchantress
 59740 | Depths:2 | Reached skill level 17 in Shields
 60021 | Depths:3 | Reached skill level 15 in Dodging
 60217 | Depths:3 | Noticed a hellephant
 60243 | Depths:3 | Killed a hellephant
 60249 | Depths:3 | Identified the +7 demon whip of Fortitude {flame, Will-
                  | Str+2 Dex+2}
 60290 | Depths:3 | Reached skill level 15 in Stealth
 60340 | Depths:3 | Killed the Enchantress
 60637 | Depths:3 | Found a one-way gate to the infinite horrors of the Abyss.
 60691 | Depths:3 | Killed from afar by Josephina

Illustrated notes

Levels and vault maps discovered:
D:1:      tarquinn_simple_flora_water_b, layout_rooms,
          ebering_ecumenical_altar_abandoned, minivault_14
D:2:      layout_loops_ring, basic_altar, kennysheep_potato
D:3:      layout_basic, kennysheep_slug_shrine, lightli_sewer_entry_pipes,
          uniq_terence
D:4:      layout_loops_ring, marbit_many_paths,
          nicolae_qazlal_scattered_showers, nicolae_ossuary_entry_giza
D:5:      layout_loops_ring, nicolae_concentric_dashed_squares_mild,
          dreamdust_gnoll_farm
D:6:      layout_cave_pods, chequers_serial_rivers_micro_d,
          lexackson_kobold_supper, uniq_prince_ribbit1
D:7:      layout_gridville, mainiacjoe_overflow_small_starburst,
          lemuel_coloured_pillars_altar, temple_hall
D:8:      layout_loops_ring, mainiacjoe_overflow_chevrons,
          serial_co_window_serial, co_window_paths_a, co_window_paths_a,
          co_window_paths_b, co_window_paths_a, co_window_cross_1,
          co_window_corner_b, co_window_cross_2, co_window_unsneaky_path_a,
          co_window_of_opportunity_b, co_window_of_opportunity_b,
          co_window_corner_ca, glass_columns_a
D:9:      minmay_evil_eye, layout_long_grid, nicolae_transporter_intersection
D:10:     layout_long_grid, mainiacjoe_overflow_concentric_impassable,
          old_standard_altar, mumra_transporter_accident, library_closet
D:11:     layout_gridville, grunt_lair_entry_orc_guard_hut
D:12:     layout_irregular_city, orc_0_dummy, uniq_nessos
D:13:     layout_cave_pools, david_vaults_3, enter_trove_0
D:14:     layout_basic, serial_shops, nicolae_shop_bloodbath_and_beyond,
          amcnicky_mini_pool_small, lemuel_another_geyser, uniq_roxanne,
          uniq_frances
D:15:     grunt_enter_depths_hoard, layout_rooms, okawaru_ov_weapons_minmay,
          serial_glass, glass_columns_b, glass_columns_a
Temple:   eino_temple_lava
Lair:1:   layout_gridlike, basic_altar, grunt_megastairs_3
Lair:2:   layout_cave_pods, uniq_erica
Lair:3:   layout_regular_city, minmay_shoals_entry_hut, dummy_snake_entry
Lair:4:   minmay_lair_oklob_tunnel, layout_regular_city,
          dpeg_slime_entry_enclosed, grunt_forest_small_clearings,
          lemuel_fruit_fields, uniq_kirke
Lair:5:   grunt_lair_end_beastmaster, layout_misc_corridors,
          serial_bayou_shore_b, uniq_urug
Shoals:1: layout_shoals, uniq_jorgrun
Shoals:2: layout_shoals, uniq_polyphemus
Shoals:3: layout_shoals
Shoals:4: shoals_end_simple, layout_shoals, ebering_ghost_inner_flame
Snake:1:  hangedman_cross_stitches, layout_onion
Snake:2:  layout_honeycomb, serial_bayou_shore_b, uniq_vashnia, uniq_louise,
          uniq_azrael
Snake:3:  cheibrodos_snake_ritualist_ritual, layout_concentric_octagons,
          nicolae_snake_omega, minmay_shop_grove
Snake:4:  snake_pit, layout_cave_town, minmay_shop_star, uniq_mara, uniq_aizul
Orc:1:    layout_diamond_mine, basic_altar, nicolae_orc_flooded_monolith,
          guppyfry_library_mini
Orc:2:    hellmonk_orc_salted, layout_diamond_mine, hangedman_minor_magic
Depths:1: layout_gridlike, nicolae_hell_entry_hellmouth_sunbeams, minivault_14,
          nicolae_kikubaaqudgha_miasma_corner, serial_bayou_shore_a,
          serial_bayou_shore_b, serial_bayou_shore_b
Depths:2: hangedman_cross_veins, layout_cave_shapes, minmay_hedge_maze,
          pan_entry, serial_shops, nicolae_shop_advertising_works
          [nicolae_subvault_shop_adworks], grunt_hell_entry_dis_mu,
          hangedman_aerie_drop, uniq_nikola
Depths:3: minmay_firetagon, layout_cave_shapes, hangedman_coc_ice_floe,
          hangedman_decor_opposing, abyss_entry, serial_shops, bzr_entry_water,
          nicolae_lakefront_shop, uniq_josephina, uniq_enchantress, uniq_parghit

Skill      XL: |  1  2  3  4  5  6  7  8  9 10 11 12 13 14 15 16 17 18 19 20 |
---------------+-------------------------------------------------------------+-----
Spellcasting   | 5 6 7 8 9 10 11 12 13 14 15 | 15.2
Invocations    | 1 2 3 4 5 6 7 8 9 10 11 12 13 14 15 | 15.7
Fighting       | 1 2 3 5 6 7 8 9 10 11 12 13 14 | 14.4
Short Blades   | 1 2 3 5 6 7 8 9 10 11 12 13 14 | 14.4
Long Blades    | 1 2 3 5 6 7 8 9 10 11 12 13 14 | 14.4
Axes           | 1 2 3 5 6 7 8 9 10 11 12 13 14 | 14.4
Maces & Flails | 1 2 3 5 6 7 8 9 10 11 12 13 14 | 14.4
Polearms       | 1 2 3 5 6 7 8 9 10 11 12 13 14 | 14.4
Staves         | 1 2 3 5 6 7 8 9 10 11 12 13 14 | 14.4
Ranged Weapons | 1 2 3 5 6 7 8 9 10 11 12 13 14 | 14.4
Throwing       | 1 2 3 5 6 7 8 9 10 11 12 13 14 | 14.4
Armour         | 1 2 3 5 6 7 8 9 10 11 12 13 14 | 14.4
Shields        | 1 2 3 5 6 7 8 9 10 11 12 14 15 16 17 | 17.3
Unarmed Combat | 1 2 3 5 6 7 8 9 10 11 12 13 14 | 14.4
Evocations     | 1 2 3 5 6 7 8 9 10 11 12 13 14 | 14.4
Conjurations   | 1 2 3 4 5 6 7 8 9 10 11 12 | 12.3
Hexes          | 1 2 3 4 5 6 7 8 9 10 11 12 | 12.3
Summonings     | 1 2 3 4 5 6 7 8 9 10 11 12 | 12.3
Necromancy     | 1 2 3 4 5 6 7 8 9 10 11 12 | 12.3
Translocations | 1 2 3 4 5 6 7 8 9 10 11 12 | 12.3
Transmutations | 1 2 3 4 5 6 7 8 9 10 11 12 | 12.3
Fire Magic     | 1 2 3 4 5 6 7 8 9 10 11 12 | 12.3
Air Magic      | 1 2 3 4 5 6 7 8 9 10 11 12 | 12.3
Earth Magic    | 1 2 3 4 5 6 7 8 9 10 11 12 | 12.3
Poison Magic   | 1 2 3 4 5 6 7 8 9 10 11 12 | 12.3
Dodging        | 5 6 7 8 9 10 11 12 13 14 15 | 15.1
Stealth        | 5 6 7 8 9 10 11 12 13 14 15 | 15.0
Ice Magic      | 8 9 10 11 12 13 14 | 14.0

Action                   |  1- 3 |  4- 6 |  7- 9 | 10-12 | 13-15 | 16-18 | 19-21 || total
-------------------------+-------+-------+-------+-------+-------+-------+-------++-------
Melee: Short sword       |    20 |    41 |       |   128 |       |       |       ||   189
       Unarmed           |     1 |       |       |       |       |       |       ||     1
       Bite              |     1 |     4 |       |    39 |    98 |   109 |   107 ||   358
       Dagger            |       |       |       |   133 |       |       |       ||   133
       Punch             |       |       |       |    14 |    34 |       |       ||    48
       Trident           |       |       |       |       |   753 |  1244 |   764 ||  2761
 Fire: Sling             |       |    49 |   417 |    95 |       |       |       ||   561
       Longbow           |       |       |       |    83 |   165 |       |       ||   248
Throw: Dart              |       |       |       |    10 |       |     5 |       ||    15
 Cast: Freeze            |    41 |    34 |    60 |    74 |       |     6 |       ||   215
       Frozen Ramparts   |     1 |    19 |    27 |    61 |   115 |   144 |    72 ||   439
       Ozocubu's Armour  |       |     3 |    21 |    53 |    66 |    81 |    45 ||   269
       Summon Ice Beast  |       |       |     2 |    30 |    47 |    70 |    38 ||   187
       Borgnjor's Vile C |       |       |       |     1 |    86 |   184 |   126 ||   397
       Spellforged Servi |       |       |       |       |       |       |    11 ||    11
       Iron Shot         |       |       |       |       |       |       |    21 ||    21
Invok: Potion Petition   |       |       |       |       |       |       |     6 ||     6
Evoke: Wand              |       |       |       |     4 |       |     6 |    10 ||    20
  Use: Scroll            |       |       |       |    17 |    10 |     6 |     3 ||    36
       Potion            |       |       |       |       |     1 |     7 |     4 ||    12
 Stab: Sleeping          |     2 |     4 |       |     6 |     8 |    15 |     3 ||    38
       Distracted        |       |       |       |     2 |     6 |    14 |     6 ||    28
Armor: Robe              |     7 |    21 |    88 |   110 |   109 |   198 |   101 ||   634
       Skin              |       |       |       |       |       |       |    20 ||    20
       Acid dragon scale |       |       |       |       |       |       |     5 ||     5
Dodge: Dodged            |    36 |    74 |   200 |   547 |   513 |   392 |   191 ||  1953
Block: Kite shield       |       |       |       |       |    59 |   489 |   264 ||   812

Table legend: (Time is in decaauts)
 A = Elapsed time spent in this place.
 B = Non-inter-level travel time spent in this place.
 C = Inter-level travel time spent in this place.
 D = Time resting spent in this place.
 E = Time spent auto-exploring this place.
 F = Levels seen in this place.
 G = Mean time per level.
                   A        B        C        D        E       F      G
               +--------+--------+--------+--------+--------+-----+--------+
         Total |  59849 |  56689 |   3160 |   2940 |  43331 |  36 | 1662.5 |
       Dungeon |  20125 |  18434 |   1691 |    420 |  15109 |  15 | 1341.7 |
        Temple |     39 |     17 |     22 |      0 |      0 |   1 |   39.0 |
          Lair |   8680 |   8073 |    607 |    186 |   6612 |   5 | 1736.0 |
        Shoals |   9469 |   9284 |    185 |    814 |   6807 |   4 | 2367.2 |
     Snake Pit |   8710 |   8404 |    306 |    611 |   5938 |   4 | 2177.5 |
  Orcish Mines |   3241 |   3133 |    108 |      0 |   2568 |   2 | 1620.5 |
        Depths |   7484 |   7246 |    238 |    909 |   4933 |   3 | 2494.7 |
         Sewer |   1177 |   1177 |      0 |      0 |    821 |   1 | 1177.0 |
       Ossuary |    921 |    921 |      0 |      0 |    540 |   1 |  921.0 |
               +--------+--------+--------+--------+--------+-----+--------+

Top non-repeatable levels by time:
Depths:2: 3673 daAuts
Depths:1: 3084 daAuts
Shoals:4: 2846 daAuts
 Snake:4: 2759 daAuts
   Orc:2: 2572 daAuts
    D:11: 2509 daAuts
    D:14: 2389 daAuts
Shoals:2: 2324 daAuts
  Lair:5: 2258 daAuts
 Snake:2: 2243 daAuts
Shoals:1: 2227 daAuts
  Lair:4: 2184 daAuts
    D:12: 2080 daAuts
Shoals:3: 2071 daAuts
 Snake:1: 1930 daAuts
